 Dungeon Crawl Stone Soup version 0.21.1-1-g345015f (webtiles) character file.

204 tidbits the Insei (level 5, -8/41 HPs)
             Began as a Gnoll Transmuter on Feb 8, 2018.
             Mangled by an ogre
             ... wielding a +0 giant spiked club
              (12 damage)
             ... on level 5 of the Dungeon.
             The game lasted 00:07:18 (674 turns).

tidbits the Insei (Gnoll Transmuter)                 Turns: 674, Time: 00:07:19

Health: -8/41      AC:  3    Str: 13    XL:     5   Next: 82%
Magic:  12/12      EV: 14    Int: 16    God:
Gold:   123        SH:  0    Dex: 15    Spells: 8/14 levels left

rFire    . . .     SeeInvis .   a - +2 whip (elec)
rCold    . . .     Gourm    .   (no shield)
rNeg     . . .     Faith    .   B - +0 leather armour {MR+}
rPois    .         Spirit   .   (no helmet)
rElec    .         Reflect  .   (no cloak)
rCorr    .         Harm     .   (no gloves)
MR       +....                  (no boots)
Stlth    ++........             (no amulet)
HPRegen  0.13/turn              (no ring)
MPRegen  0.13/turn              (no ring)

@: appendage
A: distributed training, fangs 1, horns 2, strong nose
a: End Transformation


You were on level 5 of the Dungeon.
You were not hungry.
You had grown temporary horns.
You visited 1 branch of the dungeon, and saw 5 of its levels.

You collected 123 gold pieces.

Inventory:

Hand Weapons
 a - a +2 whip of electrocution (weapon)
   (You took it off a gnoll on level 3 of the Dungeon)
 b - a +0 hunting sling of velocity
   (You found it on level 3 of the Dungeon)
 h - a +0 dagger
Missiles
 f - 8 arrows
 g - a throwing net (quivered) {!f}
 k - 43 stones
Armour
 l - a +0 ring mail
 m - a +0 robe
 B - a +0 leather armour of magic resistance (worn)
   (You found it on level 4 of the Dungeon)
Scrolls
 e - 2 scrolls of remove curse {unknown}
 i - a scroll of enchant weapon {unknown}
 j - a scroll of blinking {unknown}
Potions
 o - a potion of curing
Books
 c - a book of Changes

   Spells                             Type                      Level
   a - Beastly Appendage              Transmutation                1
   b - Sticks to Snakes               Transmutation                2
   c - Spider Form                    Transmutation/Poison         3
   d - Ice Form                       Ice/Transmutation            4
   e - Blade Hands                    Transmutation                5
Comestibles
 d - 2 rations


   Skills:
 + Level 3.0 Fighting
 + Level 1.6 Short Blades
 + Level 1.6 Long Blades
 + Level 1.6 Axes
 + Level 1.6 Maces & Flails
 + Level 1.6 Polearms
 + Level 1.6 Staves
 + Level 1.6 Slings
 + Level 1.6 Bows
 + Level 1.6 Crossbows
 + Level 1.6 Throwing
 + Level 1.6 Armour
 + Level 4.8 Dodging
 + Level 1.6 Stealth
 + Level 1.6 Shields
 + Level 6.7 Unarmed Combat
 + Level 5.2 Spellcasting
 + Level 1.3 Conjurations
 + Level 1.3 Hexes
 + Level 1.3 Charms
 + Level 1.3 Summonings
 + Level 1.3 Necromancy
 + Level 1.3 Translocations
 + Level 4.0 Transmutations
 + Level 1.3 Fire Magic
 + Level 1.3 Ice Magic
 + Level 1.3 Air Magic
 + Level 1.3 Earth Magic
 + Level 1.3 Poison Magic
 + Level 1.8 Invocations
 + Level 1.6 Evocations


You had 8 spell levels left.
You knew the following spells:

 Your Spells              Type           Power        Failure   Level  Hunger
e - Beastly Appendage     Tmut           ###...       3%          1    None
k - Sticks to Snakes      Tmut           ###.....     5%          2    #......
p - Spider Form           Tmut/Pois      ##........   19%         3    ###....


Dungeon Overview and Level Annotations

Branches:
Dungeon (5/15)
 Temple: D:4-7

Altars:
Fedhas
Hepliaklqana


Innate Abilities, Weirdness & Mutations

Your experience applies equally to all skills.
You have very sharp teeth.
Your uncanny sense of smell can sniff out nearby items.
You have a pair of horns on your head.


Message History

You hit the adder.
You kill the adder!
Your horns disappear.
Found a hazy altar of Hepliaklqana.
You see here a scroll labeled SIERENODOST.
e - 2 scrolls labeled SIERENODOST (gained 1)
Found 18 stones.
A worker ant comes into view.
The worker ant twitches its antennae in your direction.
Casting: Beastly Appendage
Confirm with . or Enter, or press ? or * to list all spells.
You don't know that spell.
Wield which item (- for none, * to show all)? (? for menu, Esc to quit)
Your +2 whip of electrocution stops crackling.
m - a +0 hunting sling of velocity (weapon)
The worker ant waves its antennae.
Firing (i - inventory. (,) - cycle):
k - 46 stones (quivered)
Press: ? - help, Shift-Dir - straight line, f - worker ant
Aim: a worker ant You shoot a stone.
The stone hits the worker ant.
The worker ant is moderately wounded.
Firing (i - inventory. (,) - cycle):
k - 45 stones (quivered)
Press: ? - help, Shift-Dir - straight line, f/p - worker ant
Aim: a worker ant (moderately wounded)
You shoot a stone.
The stone closely misses the worker ant.
The worker ant bites your ball python.
Your ball python dies!
Firing (i - inventory. (,) - cycle):
k - 44 stones (quivered)
Press: ? - help, Shift-Dir - straight line, f/p - worker ant
Aim: a worker ant (moderately wounded)
You shoot a stone. The stone barely misses the worker ant.
Casting: Beastly Appendage
Confirm with . or Enter, or press ? or * to list all spells.
You turn into a venomous arachnid creature.
Your +0 hunting sling of velocity melds into your body.
Your +0 leather armour of magic resistance melds into your body.
You feel less resistant to hostile enchantments.
You bite the worker ant!
The worker ant is almost dead.
The worker ant completely misses you.
You hit the worker ant but do no damage.
The worker ant is almost dead.
The worker ant bites you but does no damage.
You hit the worker ant.
You kill the worker ant!
Your transformation is almost over.
You see here a stone.
You see here a stone.
Found a blossoming altar of Fedhas.
Your transformation has ended.
Your +0 hunting sling of velocity unmelds from your body.
Your +0 leather armour of magic resistance unmelds from your body.
You feel resistant to hostile enchantments.
You see here 18 stones.
You see here a stone.
You see here a stone.
A frilled lizard comes into view.
There is a stone staircase leading down here.
You climb downwards.
An orc comes into view. It is wielding a hand axe.
There is a stone staircase leading up here.
Adjust (i)tems, (s)pells, or (a)bilities?
Adjust which item? (? for menu, Esc to quit)
f - a +2 whip of electrocution Adjust to which letter? (? for menu, Esc to quit)
a - a +2 whip of electrocution;
f - 8 arrows Adjust (i)tems, (s)pells, or (a)bilities?
Adjust which item? (? for menu, Esc to quit)
m - a +0 hunting sling of velocity (weapon)
Adjust to which letter? (? for menu, Esc to quit)
b - a +0 hunting sling of velocity (weapon)
m - a +0 robe Wield which item (- for none, * to show all)? (? for menu, Esc to quit)
You hear the crackle of electricity.
a - a +2 whip of electrocution (weapon)
Casting: Spider Form
Confirm with . or Enter, or press ? or * to list all spells.
You grow a pair of large bovine horns.
You hit the orc. Lightning courses through the orc!
You kill the orc!
Things that are here:
a hand axe; a leather armour 2 orc wizards and an ogre come into view.
An orc wizard is wielding a dagger of venom.
The ogre shouts!
You hear a shout!
You hear a loud, deep croak!
The orc wizard shouts!
A bullfrog and an orc priest come into view.
You aren't carrying any items that you can evoke.
Unknown command.
It was a potion of magic.
Magic courses through your body.
The orc priest invokes the aid of Beogh against you.
Beogh smites you!
* * * LOW HITPOINT WARNING * * *
An ogre comes into view. It is wielding a giant club.
Things that are here:
a hand axe; a leather armour
There is a stone staircase leading up here.
The ogre hits you with a giant spiked club!
You die... #.#.. # .... .
F#.# ##.
O.o

.. #. oo .#
.. #.#.
#.##.
#..#o.....
###......#
#@O...#..#
#......##.#
#....###
... .....#.
..# .###.#.
..# # #. .#
## .#


You could see an ogre and an orc priest.

Vanquished Creatures
  A howler monkey (D:4)
  A worker ant (D:4)
  7 gnolls (D:3)
  3 adders (D:4)
  An ooze (D:3)
  A dart slug (D:3)
  A worm (D:3)
  A leopard gecko (D:3)
  5 orcs
  5 giant cockroaches
  10 hobgoblins
  A bat (D:3)
  A frilled lizard (D:2)
  2 goblins (D:3)
  A kobold (D:3)
  3 rats
44 creatures vanquished.

Vanquished Creatures (collateral kills)
  A hobgoblin (D:3)
  A frilled lizard (D:4)
2 creatures vanquished.

Grand Total: 46 creatures vanquished

Notes
Turn   | Place    | Note
-------+----------+-------------------------------------------
     0 | D:1      | tidbits the Gnoll Transmuter began the quest for the Orb.
     0 | D:1      | Reached XP level 1. HP: 17/17 MP: 6/6
   145 | D:3      | Reached XP level 2. HP: 20/23 MP: 5/7
   159 | D:3      | Learned a level 2 spell: Sticks to Snakes
   252 | D:3      | Reached skill level 5 in Spellcasting
   252 | D:3      | Reached XP level 3. HP: 28/28 MP: 6/9
   255 | D:3      | Reached skill level 1 in Invocations
   259 | D:3      | Reached skill level 1 in Short Blades
   259 | D:3      | Reached skill level 1 in Long Blades
   259 | D:3      | Reached skill level 1 in Axes
   259 | D:3      | Reached skill level 1 in Maces & Flails
   259 | D:3      | Reached skill level 1 in Polearms
   259 | D:3      | Reached skill level 1 in Staves
   259 | D:3      | Reached skill level 1 in Slings
   259 | D:3      | Reached skill level 1 in Bows
   259 | D:3      | Reached skill level 1 in Crossbows
   259 | D:3      | Reached skill level 1 in Throwing
   259 | D:3      | Reached skill level 1 in Armour
   259 | D:3      | Reached skill level 1 in Stealth
   259 | D:3      | Reached skill level 1 in Shields
   259 | D:3      | Reached skill level 1 in Evocations
   261 | D:3      | Reached XP level 4. HP: 20/34 MP: 8/11
   382 | D:3      | Learned a level 3 spell: Spider Form
   397 | D:3      | HP: 3/34 [hobgoblin/club (3)]
   420 | D:3      | Reached skill level 1 in Conjurations
   420 | D:3      | Reached skill level 1 in Hexes
   420 | D:3      | Reached skill level 1 in Charms
   420 | D:3      | Reached skill level 1 in Summonings
   420 | D:3      | Reached skill level 1 in Necromancy
   420 | D:3      | Reached skill level 1 in Translocations
   420 | D:3      | Reached skill level 1 in Fire Magic
   420 | D:3      | Reached skill level 1 in Ice Magic
   420 | D:3      | Reached skill level 1 in Air Magic
   420 | D:3      | Reached skill level 1 in Earth Magic
   420 | D:3      | Reached skill level 1 in Poison Magic
   486 | D:3      | Reached XP level 5. HP: 12/40 MP: 10/12
   576 | D:4      | Reached skill level 3 in Fighting
   605 | D:4      | Reached skill level 4 in Transmutations
   620 | D:4      | Found a hazy altar of Hepliaklqana.
   644 | D:4      | Found a blossoming altar of Fedhas.
   664 | D:5      | Entered Level 5 of the Dungeon
   670 | D:5      | Noticed an ogre
   671 | D:5      | HP: 4/41 [orc priest/divine providence (15)]
   672 | D:5      | Noticed an ogre
   674 | D:5      | Mangled by an ogre

Skill      XL: |  1  2  3  4  5 |
---------------+----------------+-----
Spellcasting   | 5 |  5.2
Invocations    | 1 |  1.8
Short Blades   | 1 |  1.6
Long Blades    | 1 |  1.6
Axes           | 1 |  1.6
Maces & Flails | 1 |  1.6
Polearms       | 1 |  1.6
Staves         | 1 |  1.6
Slings         | 1 |  1.6
Bows           | 1 |  1.6
Crossbows      | 1 |  1.6
Throwing       | 1 |  1.6
Armour         | 1 |  1.6
Stealth        | 1 |  1.6
Shields        | 1 |  1.6
Evocations     | 1 |  1.6
Conjurations   | 1 |  1.3
Hexes          | 1 |  1.3
Charms         | 1 |  1.3
Summonings     | 1 |  1.3
Necromancy     | 1 |  1.3
Translocations | 1 |  1.3
Fire Magic     | 1 |  1.3
Ice Magic      | 1 |  1.3
Air Magic      | 1 |  1.3
Earth Magic    | 1 |  1.3
Poison Magic   | 1 |  1.3
Fighting       | 3 |  3.0
Transmutations | 4 |  4.0
Dodging        | |  4.8
Unarmed Combat | |  6.7

Action                   |  1- 3 |  4- 6 || total
-------------------------+-------+-------++-------
Melee: Unarmed           |    42 |    32 ||    74
       Kick              |    10 |     1 ||    11
       Bite              |     5 |     2 ||     7
       Punch             |     1 |     4 ||     5
       Headbutt          |     2 |     4 ||     6
       Whip              |       |    39 ||    39
 Fire: Hunting sling     |       |     3 ||     3
 Cast: Beastly Appendage |     6 |    11 ||    17
       Spider Form       |       |     3 ||     3
       Sticks to Snakes  |       |     4 ||     4
  Use: Potion            |     2 |     3 ||     5
 Stab: Sleeping          |     1 |     1 ||     2
Armor: Robe              |     4 |    13 ||    17
       Leather armour    |       |     4 ||     4
       Skin              |       |     1 ||     1
Dodge: Dodged            |    14 |    46 ||    60

Table legend:
 A = Turns spent in this place as a percentage of turns spent in the entire game.
 B = Non-inter-level travel turns spent in this place as a percentage of non-inter-level travel turns spent in the entire game.
 C = Inter-level travel turns spent in this place as a percentage of turns spent in this place.
 D = Turns resting spent in this place as a percentage of non-inter-level travel turns spent in this place.
 E = Turns spent auto-exploring this place as a percentage of non-inter-level travel turns spent in this place.
 F = Non-inter-level travel turns spent in this place divided by the number of levels of this place that you've seen.
                   A       B       C       D       E      F
               +-------+-------+-------+-------+-------+----------------------
         Total | 100.0 | 100.0 |   0.0 |   0.0 |   0.0 | 134.8
       Dungeon | 100.0 | 100.0 |   0.0 |   0.0 |   0.0 | 134.8
               +-------+-------+-------+-------+-------+----------------------

Table legend:
 A = Kills in this place as a percentage of kills in entire the game.
 B = Kills by you in this place as a percentage of kills by you in the entire game.
 C = Kills by friends in this place as a percentage of kills by friends in the entire game.
 D = Other kills in this place as a percentage of other kills in the entire game.
 E = Experience gained in this place as a percentage of experience gained in the entire game.
 F = Experience gained in this place divided by the number of levels of this place that you have seen.
                   A       B       C       D       E      F
               +-------+-------+-------+-------+-------+----------------------
         Total | 100.0 | 100.0 | 100.0 |   N/A | 100.0 |  58.4
       Dungeon | 100.0 | 100.0 | 100.0 |   N/A | 100.0 |  58.4
               +-------+-------+-------+-------+-------+----------------------

Vault maps used:
D:1:      lightli_arrival_quake, minmay_splitting_lines
D:2:      chequers_ecumenical_altar_island
D:3:      first_ration
D:4:      vehumet_altar_wand_db, tgw_fedhas,
          chequers_temple_overflow_statue_of_worship, grunt_ministairs_12
D:5:      roderic_serpentine_path, grunt_qazlal_sundering, uniq_grinder
